 Dungeon Crawl Stone Soup version 0.24.0-13-gcf9b319 (webtiles) character file.

Game seed: 1382599661720120995, levelgen mode: deterministic

256 vernalagnia the Chopper (level 6, 0/52 HPs)
             Began as a Hill Orc Fighter on May 21, 2020.
             Slain by Crazy Yiuf
             ... wielding a +3 quarterstaff of chaos
              (3 damage)
             ... while paralysed by Crazy Yiuf
             ... on level 3 of the Dungeon.
             The game lasted 00:06:08 (2482 turns).

vernalagnia the Chopper (Hill Orc Fighter)          Turns: 2482, Time: 00:06:09

Health: 0/52       AC: 12    Str: 21    XL:     6   Next: 15%
Magic:  6/6        EV:  2    Int:  8    God:
Gold:   191        SH:  0    Dex: 10    Spells: 5/5 levels left

rFire    . . .     SeeInvis .   a - +0 war axe
rCold    . . .     Gourm    .   c - +0 shield
rNeg     . . .     Faith    .   w - +0 plate armour
rPois    .         Spirit   .   (no helmet)
rElec    .         Reflect  .   (no cloak)
rCorr    .         Harm     .   (no gloves)
MR       .....                  (no boots)
Stlth    ..........             (no amulet)
HPRegen  0.17/turn              (no ring)
MPRegen  0.10/turn              (no ring)

@: paralysed, lethally poisoned (0 -> -13)
A: no striking features
a: no special abilities


You were on level 3 of the Dungeon.
You were not hungry.

You visited 1 branch of the dungeon, and saw 3 of its levels.

You collected 191 gold pieces.

Inventory:

Hand Weapons
 a - a +0 war axe (weapon)
Armour
 b - a +0 scale mail
 c - a +0 shield (worn)
 w - a +0 plate armour (worn)
Jewellery
 l - an uncursed ring of ice {unknown}
 u - an uncursed ring of protection from fire
Scrolls
 e - 3 scrolls of teleportation {unknown}
 f - 3 scrolls of magic mapping {unknown}
 g - a scroll of noise {unknown}
 i - 4 scrolls of identify {unknown}
 k - a scroll of fog {unknown}
 m - a scroll of enchant armour {unknown}
 o - 3 scrolls of remove curse {unknown}
 p - a scroll of random uselessness {unknown}
 q - a scroll of immolation {unknown}
 r - a scroll of amnesia {unknown}
 t - a scroll of fear {unknown}
Potions
 d - a potion of might
 h - a potion of cancellation {unknown}
 j - 4 potions of curing {unknown}
 s - a potion of brilliance {unknown}
 v - 2 potions of ambrosia {unknown}
Comestibles
 n - a ration


   Skills:
 + Level 4.1 Fighting
 + Level 5.4 Axes
 * Level 4.4 Armour
 + Level 0.4 Dodging
 + Level 0.1 Stealth
 + Level 4.9 Shields


You had 5 spell levels left.
You didn't know any spells.
Your spell library was empty.

Dungeon Overview and Level Annotations

Branches:
Dungeon (3/15)

Altars:
Kikubaaqudgha
Yredelemnul

Annotations:
D:3 Crazy Yiuf


Message History

* * * LOW HITPOINT WARNING * * *
Crazy Yiuf freezes you.
* * * LOW HITPOINT WARNING * * *
Crazy Yiuf hits you with a +3 quarterstaff of chaos.
* * * LOW HITPOINT WARNING * * *
Crazy Yiuf burns you.
Crazy Yiuf hits you but does no damage. x2
You suddenly lose the ability to move!
Crazy Yiuf hits you with a +3 quarterstaff of chaos.
Crazy Yiuf hits you with a +3 quarterstaff of chaos.
* * * LOW HITPOINT WARNING * * *
* * * LOW HITPOINT WARNING * * *
You feel sick.
Crazy Yiuf hits you with a +3 quarterstaff of chaos.
* * * LOW HITPOINT WARNING * * *
Crazy Yiuf draws strength from your wounds!
* * * LOW HITPOINT WARNING * * *
You feel sick.
Crazy Yiuf hits you with a +3 quarterstaff of chaos.
You die...

###### ....<#
.....###
.......#######
.....#.+...#.### ####
............#..##...#
...........####.@g..#
.....#.'..## ###..)#
.....###### ####
.....# .....#
#..############
....>.........#
.....###.....##
#....##....<..##


You could see Crazy Yiuf (berserk).

Vanquished Creatures
  3 vampire bats (D:3)
  A gnoll (D:1)
  3 adders
  3 worms (D:2)
  5 leopard geckos
  An orc (D:3)
  3 bat skeletons (D:3)
  2 bat zombies (D:3)
  2 giant cockroaches (D:3)
  5 goblins
  10 hobgoblins
  4 jackals (D:2)
  2 quokkas (D:2)
  2 ball pythons
  10 bats
  5 frilled lizards
  16 kobolds
  10 rats
  A bush (D:1)
88 creatures vanquished.

Notes
Turn   | Place    | Note
-------+----------+-------------------------------------------
     0 | D:1      | vernalagnia the Hill Orc Fighter began the quest for the
                  | Orb.
     0 | D:1      | Reached XP level 1. HP: 19/19 MP: 1/1
    89 | D:1      | Reached XP level 2. HP: 14/27 MP: 2/2
   182 | D:1      | Reached skill level 3 in Axes
   238 | D:1      | Reached XP level 3. HP: 18/33 MP: 3/3
   966 | D:2      | Reached skill level 4 in Axes
  1009 | D:2      | Reached XP level 4. HP: 20/40 MP: 4/4
  1312 | D:2      | Found a basalt altar of Yredelemnul.
  1592 | D:2      | Found a faded altar of an unknown god.
  1999 | D:3      | Reached XP level 5. HP: 41/46 MP: 5/5
  2212 | D:3      | Found an ancient bone altar of Kikubaaqudgha.
  2234 | D:3      | Reached skill level 5 in Axes
  2238 | D:3      | Reached XP level 6. HP: 46/52 MP: 6/6
  2345 | D:3      | Found a runed translucent door.
  2346 | D:3      | Noticed Crazy Yiuf
  2479 | D:3      | Paralysed by Crazy Yiuf for 4 turns
  2482 | D:3      | Slain by Crazy Yiuf

Levels and vault maps discovered:
D:1:      lightli_arrival_boilingwater, layout_basic, minmay_hedge_maze,
          minmay_tromino_v7
D:2:      layout_basic, lemuel_coloured_pillars_altar,
          chequers_ecumenical_altar_twisty
D:3:      layout_rooms, kennysheep_vampire_church, chequers_serial_rivers_marsh,
          uniq_crazy_yiuf_cottage

Skill      XL: |  1  2  3  4  5 |
---------------+----------------+-----
Axes           | 3 4 5 |  5.4
Armour         | 4 |  4.4
Shields        | 4 |  4.9
Fighting       | 4 |  4.1
Dodging        | |  0.4
Stealth        | |  0.1

Action                   |  1- 3 |  4- 6 || total
-------------------------+-------+-------++-------
Melee: War axe           |   167 |   175 ||   342
  Eat: Ration            |       |     2 ||     2
       Chunk             |       |     2 ||     2
Armor: Scale mail        |    64 |   101 ||   165
       Plate armour      |       |    80 ||    80
Dodge: Dodged            |    39 |    74 ||   113
Block: Shield            |    68 |   159 ||   227
